 Dungeon Crawl Stone Soup version 0.17.0 (webtiles) character file.

9242 Eucla the Cruncher (level 11, 0/101 HPs)
             Began as a Minotaur Gladiator on Nov 12, 2015.
             Was an Elder of Okawaru.
             Killed from afar by an electric eel (10 damage)
             ... with a bolt of electricity
             ... on level 1 of the Lair of Beasts.
             The game lasted 00:17:27 (9677 turns).

Eucla the Cruncher (Minotaur Gladiator)             Turns: 9677, Time: 00:17:28

Health: 0/101      AC: 15    Str: 21    XL:     11   Next: 20%
Magic:  10/10      EV: 18    Int:  7    God:    Okawaru [****..]
Gold:   241        SH:  0    Dex: 13    Spells: 0 memorised, 10 levels left

rFire  + . .     SeeInvis .     a - +0 quarterstaff
rCold  + + .     Clarity  +     i - +0 scale mail
rNeg   . . .     SustAt   .     (shield currently unavailable)
rPois  +         Gourm    .     c - +0 hat
rElec  .         Spirit   .     K - +0 cloak
rCorr  .         Warding  .     O - +0 pair of gloves
rMut   .         Stasis   .     S - +0 pair of boots of the Volcano {rF+ rC+ Slay+3} (curse)
MR     .....                    I - amulet of clarity
Stlth  +.........               A - ring of poison resistance
                                Z - ring of protection from cold

@: heroism, very slightly contaminated, hasted, very quick, not resistant to
hostile enchantments, very unstealthy
A: retaliatory headbutt, horns 2, clever 1
a: Heroism, Renounce Religion


You were on level 1 of the Lair of Beasts.
You worshipped Okawaru.
Okawaru was greatly pleased with you.
You were not hungry.

You visited 2 branches of the dungeon, and saw 11 of its levels.

You collected 578 gold pieces.
You spent 337 gold pieces at shops.

Inventory:

Hand Weapons
 a - a +0 quarterstaff (weapon)
Armour
 b - a +0 leather armour
 c - a +0 hat (worn)
 i - a +0 scale mail (worn)
 K - a +0 cloak (worn)
 O - a +0 pair of gloves (worn)
 S - the cursed +0 pair of boots of the Volcano (worn) {rF+ rC+ Slay+3}
   (You bought it in a shop on level 8 of the Dungeon)

   It affects your accuracy and damage with ranged weapons and melee attacks
   (+3).
   It protects you from fire.
   It protects you from cold.
   It has a curse placed upon it.
Jewellery
 n - an uncursed ring of flight
 w - an uncursed ring of fire
 y - an uncursed ring of flight
 A - a ring of poison resistance (right hand)
 B - an uncursed amulet of regeneration
 H - a +5 ring of intelligence
 I - an amulet of clarity (around neck)
 Z - a ring of protection from cold (left hand)
Wands
 d - a wand of magic darts (18)
 j - a wand of confusion (13)
 x - a wand of fire (9)
 E - a wand of random effects (5)
 R - a wand of lightning (9)
 U - a wand of hasting (1)
Scrolls
 f - a scroll of noise
 h - 5 scrolls of teleportation
 m - 10 scrolls of identify
 q - a scroll of magic mapping {unknown}
 r - 3 scrolls of recharging
 s - 2 scrolls of enchant weapon {unknown}
 C - 3 scrolls of fog {unknown}
 D - 2 scrolls of amnesia {unknown}
 F - 4 scrolls of remove curse {unknown}
 L - 2 scrolls of enchant armour {unknown}
 N - a scroll of random uselessness {unknown}
 P - a scroll of brand weapon {unknown}
 T - a scroll of immolation {unknown}
 X - a scroll of holy word {unknown}
Potions
 l - a potion of magic {unknown}
 o - a potion of agility {unknown}
 t - 2 potions of brilliance
 u - 2 potions of poison
 z - 2 potions of curing
 G - a potion of cancellation
 J - a potion of flight {unknown}
 M - a potion of degeneration {unknown}
 Q - a potion of ambrosia {unknown}
 W - a potion of resistance {unknown}
 Y - a potion of heal wounds {unknown}
Books
 v - the Compendium of Transmutation
   (You found it on level 10 of the Dungeon)

   Spells                             Type                      Level
   a - Beastly Appendage              Transmutation                1
   b - Passwall                       Transmutation/Earth          3
   c - Spider Form                    Transmutation/Poison         3
   d - Hydra Form                     Transmutation                6
   e - Dragon Form                    Transmutation                7
 V - a book of Transfigurations

   Spells                             Type                      Level
   a - Stoneskin                      Transmutation/Earth          2
   b - Irradiate                      Conjuration/Transmutation    5
   c - Statue Form                    Transmutation/Earth          6
   d - Hydra Form                     Transmutation                6
   e - Dragon Form                    Transmutation                7
Comestibles
 e - 9 bread rations
 g - a meat ration


   Skills:
 + Level 10.6(15.6) Fighting
 + Level 11.1(16.1) Staves
 - Level 2.0(7.0) Throwing
 + Level 10.4(15.4) Armour
 + Level 10.1(15.1) Dodging


You had 10 spell levels left.
You didn't know any spells.

Dungeon Overview and Level Annotations

Branches:
Dungeon (10/15)            Temple (0/1) D:5            Lair (1/8) D:10
    Orc (0/4) D:10

Altars:
Ashenzari
Dithmenos
Fedhas
Gozag
Kikubaaqudgha
Nemelex Xobeh
Okawaru
Sif Muna
Vehumet
Yredelemnul
Zin
The Shining One

Shops:
D:4 (   D:8 *:   D:9 [

Annotations:
D:10 exclusion: 2 oklob saplings


Innate Abilities, Weirdness & Mutations

You reflexively headbutt those who attack you in melee.
You have a pair of horns on your head.
Your mind is acute. (Int +2)


Message History

Drink which item? (? for menu, Esc to quit)
You feel yourself speed up. The yak gores you but does no damage.
The five-headed hydra bites you but does no damage.
The five-headed hydra barely misses you.
The five-headed hydra bites you!
* * * LOW HITPOINT WARNING * * *
The five-headed hydra barely misses you.
The five-headed hydra bites you but does no damage.
You are very lightly contaminated with residual magic.
Unknown command.
The yak seems to regain its courage.
The electric eel shoots out a bolt of lightning at you!
The bolt of electricity hits you!
* * * LOW HITPOINT WARNING * * *
Unknown command.
The electric eel shoots out a bolt of lightning at you!
The bolt of electricity hits you!
* * * LOW HITPOINT WARNING * * *
The bolt of electricity hits you!
You die...

...##########..#.####P.
........................
########....(...........
# #...รท.........(.. #
#................
########.........##.P#..
..............#.## ...P.
######....#.###.## ...P
# #P....####..@# .. #
##....# ##..# #
#....##..........#
######....##..........#
..........###.........#
..........# #...........
.####..##.# ...;........
.#......D.##...;.#....#.
.#......#.###.#...#.#.#


You could see 2 electric eels.

Vanquished Creatures
  The ghost of chonchonts the Cleaver, a journeyman MiFi of Ashenzari (D:10)
  A hill giant (D:10)
  A black mamba (Lair:1)
  A troll (D:9)
  A spriggan (D:7)
  2 wyverns
  5 yaks (D:10)
  A wraith (D:7)
  Eustachio (D:6)
  3 basilisks (D:10)
  A deep elf mage (D:10)
  2 hungry ghosts (D:10)
  2 hippogriffs
  Edmund (D:6)
  4 porcupines (D:10)
  A water moccasin (Lair:1)
  Duvessa (D:6)
  6 orc warriors
  A sky beast (D:10)
  4 ice beasts
  2 phantoms
  A black bear (D:8)
  4 ogres
  4 centaurs
  2 necrophages
  2 big kobolds
  Dowan (D:6)
  5 giant frogs
  3 scorpions
  4 wights (D:10)
  A centaur zombie (D:5)
  8 crimson imps
  5 orc wizards
  A jelly (D:9)
  2 orc priests (D:8)
  Crazy Yiuf (D:6)
  A giant frog skeleton (D:9)
  2 iguanas
  3 hounds
  8 worker ants
  A quasit (D:9)
  A killer bee zombie (D:8)
  A hound skeleton (D:10)
  A worker ant zombie (D:7)
  3 gnolls (D:10)
  18 adders
  A shadow imp (D:7)
  An ooze (D:2)
  An adder skeleton (D:9)
  2 worms (D:2)
  2 giant geckos
  26 orcs
  6 ball pythons
  8 giant cockroaches
  7 goblins
  6 hobgoblins
  12 jackals
  8 quokkas
  6 bats
  A giant cockroach zombie (D:5)
  A giant gecko skeleton (D:5)
  A giant gecko zombie (D:7)
  8 giant newts
  22 kobolds
  A quokka zombie (D:6)
  7 rats
252 creatures vanquished.

Vanquished Creatures (others)
  4 plants (D:10)
4 creatures vanquished.

Grand Total: 256 creatures vanquished

Notes
Turn   | Place    | Note
--------------------------------------------------------------
     0 | D:1      | Eucla the Minotaur Gladiator began the quest for the Orb.
     0 | D:1      | Reached XP level 1. HP: 18/18 MP: 0/0
   139 | D:1      | Reached XP level 2. HP: 22/25 MP: 1/1
   726 | D:2      | Reached skill level 1 in Armour
   726 | D:2      | Reached XP level 3. HP: 31/31 MP: 2/2
   780 | D:2      | Reached skill level 4 in Staves
   821 | D:2      | Found a shattered altar of Ashenzari.
  1244 | D:3      | Found a glowing golden altar of the Shining One.
  1259 | D:3      | Found a basalt altar of Yredelemnul.
  1444 | D:3      | Reached XP level 4. HP: 38/38 MP: 3/3
  1710 | D:3      | Found a deep blue altar of Sif Muna.
  2023 | D:3      | Noticed an orc warrior
  2050 | D:3      | Killed an orc warrior
  2050 | D:3      | Reached XP level 5. HP: 27/46 MP: 4/4
  2053 | D:3      | Reached skill level 5 in Staves
  2271 | D:3      | Found an opulent altar of Gozag.
  2272 | D:3      | Found a glowing silver altar of Zin.
  2459 | D:3      | Noticed an angel
  2564 | D:4      | Found Saabir's Weapon Boutique.
  2605 | D:4      | Found a shadowy altar of Dithmenos.
  2696 | D:4      | Noticed a phantom
  2735 | D:4      | Killed a phantom
  2735 | D:4      | Reached XP level 6. HP: 33/53 MP: 5/5
  2779 | D:4      | Noticed an ogre
  2818 | D:4      | Killed an ogre
  2818 | D:4      | Reached skill level 5 in Dodging
  3221 | D:5      | Entered Level 5 of the Dungeon
  3230 | D:5      | Reached skill level 5 in Fighting
  3230 | D:5      | Reached XP level 7. HP: 57/61 MP: 6/6
  3310 | D:5      | Reached skill level 6 in Staves
  3489 | D:5      | Found an iron altar of Okawaru.
  3523 | D:5      | Became a worshipper of Warmaster Okawaru
  3781 | D:5      | Reached skill level 5 in Armour
  3859 | D:5      | Found an ancient bone altar of Kikubaaqudgha.
  3860 | D:5      | Found a blossoming altar of Fedhas.
  3884 | D:5      | Found a staircase to the Ecumenical Temple.
  3904 | D:5      | Reached XP level 8. HP: 22/70 MP: 7/7
  4349 | D:6      | Found a sparkling altar of Nemelex Xobeh.
  4349 | D:6      | Noticed Edmund
  4363 | D:6      | Killed Edmund
  4363 | D:6      | Reached skill level 7 in Staves
  4685 | D:6      | Noticed Eustachio
  4822 | D:6      | Killed Eustachio
  4822 | D:6      | Reached * piety under Okawaru
  5082 | D:6      | Found a shadowy altar of Dithmenos.
  5082 | D:6      | Noticed Duvessa
  5082 | D:6      | Noticed Dowan
  5099 | D:6      | Killed Duvessa
  5106 | D:6      | Killed Dowan
  5614 | D:6      | Reached skill level 8 in Staves
  5632 | D:6      | Reached XP level 9. HP: 59/78 MP: 8/8
  5722 | D:6      | Noticed Crazy Yiuf
  5726 | D:6      | Killed Crazy Yiuf
  5865 | D:7      | Reached ** piety under Okawaru
  6170 | D:7      | Found a radiant altar of Vehumet.
  6778 | D:8      | Found an ancient bone altar of Kikubaaqudgha.
  6915 | D:8      | Reached skill level 9 in Staves
  7049 | D:8      | Reached *** piety under Okawaru
  7067 | D:8      | Found Cuxuroh's Book Boutique.
  7119 | D:8      | Found Ryedwat's Assorted Antiques.
  7152 | D:8      | Bought an encrusted brass wand for 100 gold pieces
  7152 | D:8      | Bought a pair of encrusted boots for 237 gold pieces
  7157 | D:8      | Identified the cursed +0 pair of boots of the Volcano {rF+ rC+ Slay+3} (You bought it in a shop on level 8 of the Dungeon)
  7379 | D:9      | Found Higoberu's Armour Emporium.
  7423 | D:9      | Reached XP level 10. HP: 77/90 MP: 9/9
  7876 | D:10     | Entered Level 10 of the Dungeon
  7878 | D:10     | Noticed chonchonts's ghost (journeyman MiFi)
  8130 | D:9      | Gained mutation: Your mind is acute. (Int +2) [potion of beneficial mutation]
  8238 | D:10     | Found a staircase to the Orcish Mines.
  8277 | D:10     | Received a gift from Okawaru
  8278 | D:10     | Reached skill level 10 in Staves
  8322 | D:10     | Killed chonchonts's ghost
  8522 | D:10     | Identified the Compendium of Transmutation
  8543 | D:10     | Noticed a hill giant
  8570 | D:10     | Reached skill level 10 in Fighting
  8577 | D:10     | Killed a hill giant
  8638 | D:10     | Reached skill level 10 in Armour
  8639 | D:10     | Reached **** piety under Okawaru
  8639 | D:10     | Received a gift from Okawaru
  8643 | D:10     | Reached XP level 11. HP: 25/101 MP: 10/10
  8904 | D:10     | Found a staircase to the Lair.
  8941 | D:10     | Reached skill level 11 in Staves
  9067 | D:10     | Reached skill level 10 in Dodging
  9346 | Lair:1   | Entered Level 1 of the Lair of Beasts
  9365 | Lair:1   | Received a gift from Okawaru
  9613 | Lair:1   | Noticed a five-headed hydra
  9677 | Lair:1   | Killed from afar by an electric eel

Action                   |  1- 3 |  4- 6 |  7- 9 | 10-12 || total
-------------------------+-------+-------+-------+-------++-------
Melee: Quarterstaff      |    97 |    69 |   405 |   289 ||   860
Throw: Throwing net      |       |     5 |     1 |       ||     6
Invok: Heroism           |       |       |     2 |     7 ||     9
Evoke: Wand              |       |       |       |     6 ||     6
  Use: Potion            |       |       |       |    14 ||    14
       Scroll            |       |       |       |     6 ||     6
 Stab: Invisible         |       |       |       |    10 ||    10
  Eat: Fruit             |       |     6 |       |       ||     6
       Beef jerky        |       |     1 |       |       ||     1
       Chunk             |       |       |    16 |     6 ||    22
       Meat ration       |       |       |       |     2 ||     2
       Pizza             |       |       |       |     1 ||     1
